 Dungeon Crawl Stone Soup version 0.26.1-11-gd32895ea62 (webtiles) character file.

Game seed: 4764715693121314812

85 Zeld the Firebug (level 4, -8/28 HPs)
             Began as an Octopode Fire Elementalist on May 20, 2021.
             Mangled by a gnoll
             ... wielding a +0 spear
              (11 damage)
             ... on level 2 of the Dungeon.
             The game lasted 00:06:28 (3312 turns).

Zeld the Firebug (Octopode Fire Elementalist)       Turns: 3312, Time: 00:06:29

Health: -8/28      AC:  1    Str:  7    XL:     4   Next: 48%
Magic:  3/7        EV: 13    Int: 18    God:
Gold:   68         SH:  0    Dex: 12    Spells: 3/7 levels left

rFire    . . .     SeeInvis .   (no weapon)
rCold    . . .     Faith    .   (no shield)
rNeg     . . .     Spirit   .   (helmet restricted)
rPois    .         Reflect  .   (no amulet)
rElec    .         Harm     .   (no ring)
rCorr    .         Rampage  .   (no ring)
Will     .....                  (no ring)
Stlth    +++.......             (no ring)
HPRegen  0.09/turn              (no ring)
MPRegen  0.10/turn              (no ring)
                                (no ring)
                                (no ring)

@: no status effects
A: almost no armour, stealthy swim, amphibious, 8 rings, constrict 8, camouflage
1, gelatinous body 1
a: no special abilities


You were on level 2 of the Dungeon.
You visited 1 branch of the dungeon, and saw 2 of its levels.

You collected 68 gold pieces.

Inventory:

Jewellery
 e - a +6 ring of strength {unknown}
Scrolls
 a - a scroll of magic mapping {unknown}
 b - a scroll of teleportation {unknown}
 c - a scroll of blinking {unknown}
 f - a scroll of immolation {unknown}
 g - a scroll of remove curse {unknown}
Potions
 d - a potion of flight {unknown}
 h - a potion of cancellation {unknown}
 i - a potion of curing {unknown}


   Skills:
 + Level 1.4 Fighting
 + Level 2.5 Dodging
 - Level 2.6 Stealth
 + Level 2.4 Spellcasting
 + Level 1.6 Conjurations
 * Level 3.8 Fire Magic


You had 3 spell levels left.
You knew the following spells:

 Your Spells              Type           Power        Failure   Level
a - Foxfire               Conj/Fire      48%          5%          1
b - Conjure Flame         Conj/Fire      12%          17%         3

Your spell library contained the following spells:

 Spells                   Type           Power        Failure   Level
 Inner Flame              Hex/Fire       9%           24%         3
 Sticky Flame             Conj/Fire      12%          50%         4
 Fireball                 Conj/Fire      6%           83%         5


Dungeon Overview and Level Annotations

Branches:
Dungeon (2/15)

Altars:


Innate Abilities, Weirdness & Mutations

You cannot wear most types of armour.
You are very stealthy in the water. (Stealth+)
You are amphibious.
You can wear up to eight rings at the same time.
You can use your tentacles to constrict eight enemies at once.
Your skin changes colour to match your surroundings (Stealth+).
Your rubbery body absorbs attacks. (AC +1, EV +1)


Message History

The gnoll hits you from afar with a +0 spear.
The foxfire hits the gnoll.
The gnoll is heavily wounded.
The foxfire hits the giant cockroach.
The giant cockroach is almost dead.
The giant cockroach barely misses you. The gnoll barely misses you.
The gnoll hits you from afar with a +0 spear!
* * * LOW HITPOINT WARNING * * *
The giant cockroach bites you.
* * * LOW HITPOINT WARNING * * *
The giant cockroach waves its antennae.
The frilled lizard unfolds its giant frill.
You see here a bat skeleton.
The giant cockroach closely misses you.
You closely miss the giant cockroach. Your grab misses the giant cockroach.
Your squeeze misses the giant cockroach.
The giant cockroach is almost dead.
The giant cockroach barely misses you. The gnoll misses you.
The gnoll hits you from afar with a +0 spear!
You die...

#...........†........ .
#...........†........
..#....................
.......................
#........÷.###.........
.......÷...# #.........
#####.#..g..+ ..........
......#Bl...###.........
......#@g.....+........
............### ....
........÷.÷÷###
+#.....<......#
#.....#......#
......#.........
......#..........
......#.....#...# .....
#.....#....


You could see 2 gnolls, a giant cockroach and a frilled lizard.

Vanquished Creatures
  A gnoll (D:2)
  2 adders (D:2)
  An ooze (D:1)
  2 dart slugs (D:1)
  3 leopard geckos
  11 bats
  6 goblins (D:1)
  3 hobgoblins
  2 jackals (D:2)
  5 frilled lizards
  6 kobolds (D:1)
  3 rats (D:1)
45 creatures vanquished.

Vanquished Creatures (others)
  120 foxfires
120 creatures vanquished.

Grand Total: 165 creatures vanquished

Notes
Turn   | Place    | Note
-------+----------+-------------------------------------------
     0 | D:1      | Zeld the Octopode Fire Elementalist began the quest for the
                  | Orb.
     0 | D:1      | Reached XP level 1. HP: 11/11 MP: 3/3
   422 | D:1      | Reached XP level 2. HP: 17/17 MP: 3/5
  1054 | D:1      | Reached XP level 3. HP: 20/22 MP: 0/6
  1058 | D:1      | Learned a level 3 spell: Conjure Flame
  1603 | D:1      | Reached skill level 1 in Fighting
  3005 | D:2      | Reached XP level 4. HP: 21/28 MP: 2/7
  3312 | D:2      | Mangled by a gnoll

Illustrated notes

Levels and vault maps discovered:
D:1:      saegor_arrival_simple_b, layout_loops_ring, minmay_misc_feat_tower,
          minmay_octomino_c4
D:2:      layout_basic, lemuel_doored_altar, nzn_wu_jian_council_hall,
          chequers_ecumenical_altar_grove

Skill      XL: |  1  2  3 |
---------------+----------+-----
Fighting       | 1 |  1.4
Dodging        | |  2.5
Stealth        | |  2.6
Spellcasting   | |  2.4
Conjurations   | |  1.6
Fire Magic     | |  3.8

Action                   |  1- 3 |  4- 6 || total
-------------------------+-------+-------++-------
Melee: Unarmed           |    12 |     1 ||    13
       Constrict         |     4 |       ||     4
       Tentacles         |     2 |       ||     2
 Cast: Foxfire           |    67 |    16 ||    83
 Stab: Sleeping          |     2 |       ||     2
Armor: Skin              |    12 |       ||    12
Dodge: Dodged            |    46 |    16 ||    62
